 Dungeon Crawl Stone Soup version 0.29-a0-330-g52719c12eb (webtiles) character file.

Game seed: 18120048682438126016

117 Crownlay the Digger (level 5, 0/31 HPs)
             Began as an Octopode Earth Elementalist on May 8, 2022.
             Slain by a sky beast (5 damage)
             ... on level 3 of the Dungeon.
             The game lasted 00:04:04 (3869 turns).

Crownlay the Digger (Octopode Earth Elementalist)   Turns: 3869, Time: 00:04:04

Health: 0/31       AC:  1    Str:  7    XL:     5   Next: 1%
Magic:  5/10       EV: 13    Int: 20    God:
Gold:   132        SH:  0    Dex: 18    Spells: 7/11 levels left

rFire   . . .      SeeInvis .   e - +0 dagger
rCold   . . .      Faith    .   (no shield)
rNeg    . . .      Spirit   .   (helmet restricted)
rPois   .          Reflect  .   (no amulet)
rElec   .          Harm     .   f - +6 ring of dexterity
rCorr   .          Rampage  .   h - ring of wizardry
Will    .....                   (no ring)
Stlth   +++.......              (no ring)
HPRegen 0.10/turn               (no ring)
MPRegen 0.12/turn               (no ring)
                                (no ring)
                                (no ring)

@: no status effects
A: almost no armour, amphibious, 8 rings, camouflage 1, gelatinous body 1,
(nimble swimmer 1), tentacles
a: no special abilities


You were on level 3 of the Dungeon.
You visited 1 branch of the dungeon, and saw 3 of its levels.

You collected 132 gold pieces.

Inventory:

Hand Weapons
 e - a +0 dagger (weapon)
Missiles
 a - 132 stones
 n - 2 throwing nets
Jewellery
 f - a +6 ring of dexterity (left tentacle)
 h - a ring of wizardry (right tentacle)
Wands
 o - a wand of acid (8)
Scrolls
 c - 2 scrolls of identify {unknown}
 i - a scroll of immolation {unknown}
 k - a scroll of noise {unknown}
 l - a scroll of enchant weapon {unknown}
 p - a scroll of vulnerability {unknown}
Potions
 b - a potion of magic
 d - 3 potions of curing {unknown}
 g - a potion of degeneration {unknown}
 j - a potion of flight {unknown}
 m - a potion of ambrosia {unknown}


   Skills:
 - Level 2.0 Dodging
 - Level 2.6 Stealth
 * Level 3.5 Spellcasting
 + Level 2.0 Conjurations
 - Level 1.0 Transmutations
 + Level 3.7 Earth Magic


You had 7 spell levels left.
You knew the following spells:

 Your Spells              Type           Power      Damage    Failure   Level
a - Sandblast             Erth           36%        2d10      1%          1
b - Stone Arrow           Conj/Erth      30%        3d8       4%          3

Your spell library contained the following spells:

 Spells                   Type           Power      Damage    Failure   Level
 Passwall                 Tmut/Erth      10%        N/A       3%          2
 Static Discharge         Conj/Air       7%         N/A       6%          2
 Blink                    Tloc           6%         N/A       9%          2
 Lesser Beckoning         Tloc           3%         N/A       16%         3
 Petrify                  Tmut/Erth      13%        N/A       21%         4
 Lightning Bolt           Conj/Air       3%         1d15      65%         5
 Manifold Assault         Tloc           3%         N/A       80%         5
 Maxwell's Capacitive Co  Air            1%         ∞         100%        8


Dungeon Overview and Level Annotations

Branches:
Dungeon (3/15)

Altars:


Innate Abilities, Weirdness & Mutations

You cannot wear most types of armour.
You are amphibious.
You can wear up to eight rings at the same time.
Your skin changes colour to match your surroundings (Stealth+).
Your rubbery body absorbs attacks. (AC +1, EV +1)
((You are camouflaged when in or above water. (Stealth+)))
You have tentacles for arms and can constrict up to eight enemies at once.


Message History

a - 137 stones A sky beast comes into view.
Items here: ! $ ) ?.
You can't see any susceptible monsters within range! (Use Z to cast anyway.)
You can't see any susceptible monsters within range! (Use Z to cast anyway.)
You can't see any susceptible monsters within range! (Use Z to cast anyway.)
The sky beast flickers out of sight!
Deactivating autopickup; reactivate with Ctrl-A.
You can't see any susceptible monsters within range! (Use Z to cast anyway.)
You can't see any susceptible monsters within range! (Use Z to cast anyway.)
You can't see any susceptible monsters within range! (Use Z to cast anyway.)
Casting: Sandblast (safe; 1% risk of failure)
Confirm with . or Enter, or press ? or * to list all spells.
Aiming: Sandblast (safe; 1% risk of failure)
Press: ? - help, Shift-Dir - straight line
Casting: Sandblast (safe; 1% risk of failure)
Confirm with . or Enter, or press ? or * to list all spells.
Aiming: Sandblast (safe; 1% risk of failure)
Press: ? - help, Shift-Dir - straight line Something hits you.
Something shocks you.
Casting: Sandblast (safe; 1% risk of failure)
Confirm with . or Enter, or press ? or * to list all spells.
Aiming: Sandblast (safe; 1% risk of failure)
Press: ? - help, Shift-Dir - straight line The blast of sand hits something!
Something hits you. Something shocks you.
Casting: Sandblast (safe; 1% risk of failure)
Confirm with . or Enter, or press ? or * to list all spells.
Aiming: Sandblast (safe; 1% risk of failure)
Press: ? - help, Shift-Dir - straight line The blast of sand hits something.
Something hits you. Something shocks you.
* * * LOW HITPOINT WARNING * * *
Unknown command.
Casting: Sandblast (safe; 1% risk of failure)
Confirm with . or Enter, or press ? or * to list all spells.
Aiming: Sandblast (safe; 1% risk of failure)
Press: ? - help, Shift-Dir - straight line Something hits you.
* * * LOW HITPOINT WARNING * * *
Something shocks you.
You die...

.. ...#...#
#....#
#.........
#.##......##
#....#
#....)....
...#.
#...#####....#
#......... ...
#.#.....####.#
#.........
#†###...###..#
#.# #.........
#).g...## ##.#
#.# #.........
....).#...#
#.# #.#
######'#..
#.#.......#
###.###)#
#.### #
#.#.....#
#..{@...#####
#....
#...#####
#...........#
##### ..###
#...........#
#)#
#...........#
..
#.......#####
#...........#
####÷.......#
#........#
#...†....#


There were no monsters in sight!

Vanquished Creatures
  2 adders
  4 gnolls (D:3)
  3 dart slugs
  2 orcs (D:3)
  4 ball pythons
  4 endoplasms
  3 giant cockroaches
  4 hobgoblins
  5 kobolds
  5 quokkas
  8 bats
  2 frilled lizards
  4 goblins
  3 rats
53 creatures vanquished.

Vanquished Creatures (others)
  A goblin (D:3)
1 creature vanquished.

Grand Total: 54 creatures vanquished

Notes
Turn   | Place    | Note
-------+----------+-------------------------------------------
     0 | D:1      | Crownlay the Octopode Earth Elementalist began the quest
                  | for the Orb.
     0 | D:1      | Reached XP level 1. HP: 11/11 MP: 3/3
   439 | D:1      | Reached XP level 2. HP: 17/17 MP: 5/5
  1382 | D:1      | Reached skill level 1 in Conjurations
  1764 | D:2      | Reached XP level 3. HP: 14/21 MP: 7/7
  1768 | D:2      | Learned a level 3 spell: Stone Arrow
  1930 | D:2      | Found a faded altar of an unknown god.
  2256 | D:2      | HP: 1/21 [poisoned by an adder]
  3064 | D:3      | Reached XP level 4. HP: 27/27 MP: 5/8
  3577 | D:3      | Reached XP level 5. HP: 2/31 MP: 3/10
  3861 | D:3      | Noticed a sky beast
  3869 | D:3      | Slain by a sky beast

Illustrated notes

Levels and vault maps discovered:
D:1:      dpeg_arrival_prison, layout_basic
D:2:      layout_loops_corners, basic_ecumenical_altar, nrook_campfire,
          kennysheep_decorative_pillar
D:3:      layout_basic, serial_shops, shop, minmay_fractal_squares_5

Skill      XL: |  1  2  3  4 |
---------------+-------------+-----
Conjurations   | 1 2 |  2.0
Spellcasting   | 3 |  3.5
Dodging        | |  2.0
Stealth        | |  2.6
Transmutations | |  1.0
Earth Magic    | |  3.7

Action                   |  1- 3 |  4- 6 || total
-------------------------+-------+-------++-------
Melee: Unarmed           |    32 |       ||    32
       Tentacles         |    18 |     3 ||    21
       Constrict         |    20 |     3 ||    23
       Dagger            |    44 |    13 ||    57
Throw: Stone             |     7 |     1 ||     8
 Cast: Sandblast         |     8 |    23 ||    31
 Stab: Sleeping          |     8 |     4 ||    12
Armor: Skin              |    11 |     3 ||    14
Dodge: Dodged            |    47 |    16 ||    63

Table legend: (Time is in decaauts)
 A = Elapsed time spent in this place.
 B = Non-inter-level travel time spent in this place.
 C = Inter-level travel time spent in this place.
 D = Time resting spent in this place.
 E = Time spent auto-exploring this place.
 F = Levels seen in this place.
 G = Mean time per level.
                   A        B        C        D        E       F      G
               +--------+--------+--------+--------+--------+-----+--------+
         Total |   3867 |   3774 |     93 |      0 |   3379 |   3 | 1289.0 |
       Dungeon |   3867 |   3774 |     93 |      0 |   3379 |   3 | 1289.0 |
               +--------+--------+--------+--------+--------+-----+--------+

Top non-repeatable levels by time:
     D:1: 1621 daAuts
     D:2: 1368 daAuts
     D:3: 877 daAuts
